 Dungeon Crawl Stone Soup version 0.15.2 (webtiles) character file.

105 glosham the Skirmisher (level 4, -4/38 HPs)
             Began as a Mummy Death Knight on Apr 2, 2018.
             Was a Priest of Yredelemnul.
             Killed from afar by Sigmund (13 damage)
             ... with a puff of flame
             ... on Level 3 of the Dungeon on Apr 3, 2018.
             The game lasted 00:33:16 (2073 turns).

glosham the Skirmisher (Mummy Death Knight)         Turns: 2073, Time: 00:33:16

HP  -4/38        AC  8     Str 17      XL: 4   Next: 54%
MP   5/5         EV 14     Int 10      God: Yredelemnul [***...]
Gold 75          SH  0     Dex 11      Spells:  0 memorised,  3 levels left

rFire  x . .     SeeInvis .     a - +2 mace
rCold  + . .     Clarity  .     c - +0 ring mail
rNeg   + + +     rCorr    .     (no shield)
rPois  +         rRot     +     (no helmet)
rElec  .         Spirit   .     k - +0 cloak
SustAb .         Warding  .     f - +0 pair of gloves
rMut   .         Stasis   .     (no boots)
Gourm  .                        (no amulet)
MR     .....                    B - +1 ring of protection
                                A - +4 ring of evasion

@: injury mirror, not resistant to hostile enchantments, very unstealthy
A: no food or potions, fire vulnerability, restore body, cold resistance 1,
negative energy resistance 3, poison resistance, torment resistance, unbreathing
a: Animate Dead, Recall Undead Slaves, Injury Mirror, Renounce Religion


You were on level 3 of the Dungeon.
You worshipped Yredelemnul.
Yredelemnul was most pleased with you.
You were not hungry.

You visited 1 branch of the dungeon, and saw 4 of its levels.

You collected 75 gold pieces.

Inventory:

Hand weapons
 a - a +2 mace (weapon)
 b - a +0 hunting sling
Missiles
 e - 8 poisoned needles
 g - 8 tomahawks (quivered)
 l - 20 bolts
 m - 22 arrows
 o - 64 stones
Armour
 c - a +0 ring mail (worn)
 f - a +0 pair of gloves (worn)
 i - a +0 robe
 k - a +0 cloak (worn)
 u - a +0 robe
Scrolls
 d - 2 scrolls of identify
 h - a scroll of amnesia
 j - a scroll of magic mapping
 w - 2 scrolls of fear
Jewellery
 A - a +4 ring of evasion (left hand)
 B - a +1 ring of protection (right hand)


   Skills:
 * Level 4.8 Fighting
 - Level 1.5 Maces & Flails
 - Level 0.7 Armour
 - Level 0.7 Dodging
 - Level 2.4 Invocations


You had 3 spell levels left.
You didn't know any spells.

Dungeon Overview and Level Annotations

Branches:
Dungeon (4/15)
 Temple: D:4-7

Altars:
Makhleb
Qazlal
Xom
Yredelemnul
The Shining One

Annotations:
D:1 rock vault
D:3 Sigmund
D:4 Dowan, Duvessa


Innate Abilities, Weirdness & Mutations

You do not eat or drink.
Your flesh is vulnerable to fire.
Your flesh is cold resistant.
You are immune to negative energy.
Your system is resistant to poisons.
You are immune to unholy pain and torment.
You can survive without breathing.


Message History

You resist.
You see here a rat corpse.
You miss Sigmund.
Sigmund casts a spell.
Sigmund flickers and vanishes!
Deactivating autopickup; reactivate with Ctrl-A.
You closely miss something.
You hear some strange, mumbled words.
The magic dart hits you! Yredelemnul mirrors your injury!
You hit something but do no damage. Something hits you.
Yredelemnul mirrors your injury!
Your ring mail prevents you from hitting something.
Something hits you but does no damage.
You completely miss something. Something hits you.
Yredelemnul mirrors your injury!
You barely miss something.
Your dark mirror aura disappears.
Something hits you.
Adjust (i)tems, (s)pells, or (a)bilities?
Adjust which ability?
No such ability.
Use which ability? (? or * to list)
You offer yourself to Yredelemnul, and fill with unholy energy.
You miss something.
You hear some strange, mumbled words.
The puff of flame hits you! Yredelemnul mirrors your injury!
Something barely misses you.
You barely miss something. Something hits you!
* * * LOW HITPOINT WARNING * * *
Yredelemnul mirrors your injury!
You barely miss something. You completely miss something.
Something hits you but does no damage.
You hit something but do no damage.
You hear some strange, mumbled words.
The puff of flame hits you! The fire burns you terribly!
You die...
Yredelemnul claims you as an undead slave.

#..##.# ##.##.#
#.##.# #..#.#
##.#.# #...#
##### ##..#
#.....#####..#
#.....'@.....#
#.....######.##
#..)$ #...#
###. #.>.# ..
#%..# # #...#
#...# #...#
#...#


There were no monsters in sight!

Vanquished Creatures
  An adder (D:2)
  2 oozes
  2 ball pythons
  A giant cockroach (D:2)
  13 goblins
  15 hobgoblins
  12 bats
  6 giant newts
  11 jackals
  12 kobolds
  4 quokkas (D:2)
  11 rats
90 creatures vanquished.

Notes
Turn   | Place    | Note
--------------------------------------------------------------
     0 | D:1      | glosham, the Mummy Death Knight, began the quest for the Orb.
     0 | D:1      | Reached XP level 1. HP: 16/16 MP: 1/1
   184 | D:3      | Reached XP level 2. HP: 12/23 MP: 2/2
   232 | D:4      | Noticed Duvessa
   232 | D:4      | Noticed Dowan
   245 | D:3      | Reached skill level 3 in Fighting
   521 | D:1      | Acquired Yredelemnul's second power
   526 | D:1      | Reached XP level 3. HP: 16/29 MP: 4/4
  1242 | D:2      | Reached skill level 4 in Fighting
  1353 | D:2      | Found a basalt altar of Yredelemnul.
  1587 | D:2      | Reached XP level 4. HP: 37/37 MP: 5/5
  1629 | D:2      | Found a burning altar of Makhleb.
  1631 | D:2      | Found a glowing golden altar of the Shining One.
  1632 | D:2      | Found a shimmering altar of Xom.
  1767 | D:2      | Acquired Yredelemnul's third power
  1983 | D:3      | Found a stormy altar of Qazlal.
  2054 | D:3      | Noticed Sigmund
  2073 | D:3      | Killed from afar by Sigmund

Action                   |  1- 3 |  4- 6 || total
-------------------------+-------+-------++-------
Melee: Mace              |   157 |    92 ||   249
Invok: Animate Remains   |     1 |       ||     1
       Injury Mirror     |       |     2 ||     2
  Use: Scroll            |     6 |     1 ||     7

Table legend:
 A = Turns spent in this place as a percentage of turns spent in the entire game.
 B = Non-inter-level travel turns spent in this place as a percentage of non-inter-level travel turns spent in the entire game.
 C = Inter-level travel turns spent in this place as a percentage of turns spent in this place.
 D = Turns resting spent in this place as a percentage of non-inter-level travel turns spent in this place.
 E = Turns spent auto-exploring this place as a percentage of non-inter-level travel turns spent in this place.
 F = Non-inter-level travel turns spent in this place divided by the number of levels of this place that you've seen.
                   A       B       C       D       E      F
               +-------+-------+-------+-------+-------+----------------------
         Total | 100.0 | 100.0 |   0.6 |   0.5 |   0.2 | 374.5
       Dungeon | 100.0 | 100.0 |   0.6 |   0.5 |   0.2 | 374.5
               +-------+-------+-------+-------+-------+----------------------

Table legend:
 A = Kills in this place as a percentage of kills in entire the game.
 B = Kills by you in this place as a percentage of kills by you in the entire game.
 C = Kills by friends in this place as a percentage of kills by friends in the entire game.
 D = Other kills in this place as a percentage of other kills in the entire game.
 E = Experience gained in this place as a percentage of experience gained in the entire game.
 F = Experience gained in this place divided by the number of levels of this place that you have seen.
                   A       B       C       D       E      F
               +-------+-------+-------+-------+-------+----------------------
         Total | 100.0 | 100.0 |  -nan |  -nan | 100.0 |  37.8
       Dungeon | 100.0 | 100.0 |  -nan |  -nan | 100.0 |  37.8
               +-------+-------+-------+-------+-------+----------------------

Vault maps used:
D:1:      roderic_chinese_lattice_arrival, item_on_display_a
D:2:      forest_paths, lemuel_coloured_pillars_altar,
          grunt_temple_overflow_open, first_bread
D:3:      grunt_qazlal_clouds, overflow_temple_1_default,
          kennysheep_flooded_box, uniq_sigmund
D:4:      serial_shops, shop_coins, uniq_eustachio, uniq_duvessa, uniq_natasha
